Hurricanes vs Sharks

Created - March 17 2008 at 19:37

Goals
1 2 3 T
Hurricanes 0 0 2 2
Sharks 1 0 0 1
Shots
1 2 3 T
Hurricanes 11 5 11 27
Sharks 9 11 3 23

Period #1

1. Sharks , Ales Hemsky 10 (Mike Knuble, Mike Komisarek) at 15:48 (PP)

Penalties :
Eric Staal (CAR) for High sticking (Minor) at 1:27, Steve Begin (SJS) for Holding (Minor) at 2:16, Ryan Whitney (SJS) for Slashing (Minor) at 4:26, Dustin Brown (SJS) for Charging (Minor) at 8:07, Sergei Gonchar (CAR) for Tripping (Minor) at 15:12, Dustin Brown (SJS) for Holding (Minor) at 16:02, Brian Rafalski (SJS) for Interference (Minor) at 19:00

Period #2

No Goal

Penalties :
Erik Cole (CAR) for Tripping (Minor) at 1:47, Aaron Miller (CAR) for High sticking (Minor) at 6:11, Mike Komisarek (SJS) for Interference (Minor) at 14:58, Chris Higgins (SJS) for Delaying the game (Minor) at 19:54

Period #3

2. Hurricanes , Erik Cole 27 (Eric Staal) at 6:26 (PP)
3. Hurricanes , Brendan Morrison 16 (Pavol Demitra, Cory Stillman) at 13:32

Penalties :
Mike Knuble (SJS) for Tripping (Minor) at 5:30, Mike Komisarek (SJS) for Fighting (Major) at 18:31, Kevin Bieksa (CAR) for Fighting (Major) at 18:31

Goalie Stats

Cristobal Huet (CAR), 22 saves from 23 shots - (0.957), W, 28-33-6, 60:00 minutes
Roberto Luongo (SJS), 25 saves from 27 shots - (0.926), L, 41-32-5, 59:01 minutes

Players Stats

Hurricanes
Player Name              G  A  P  +/- PIM S  H  SB FO MP 
-----------------------------------------------------------
Aaron Miller             0  0  0   0  2   0  1  0  0  12 
Aaron Ward               0  0  0   0  0   1  3  2  0  22 
Brendan Morrison         1  0  1   1  0   3  0  0  6  9  
Brent Sopel              0  0  0   0  0   1  0  2  0  21 
Chris Gratton            0  0  0   0  0   3  1  0  0  20 
Cory Stillman            0  1  1   1  0   1  3  0  2  16 
Eric Belanger            0  0  0   0  0   0  1  0  1  10 
Eric Staal               0  1  1   0  2   2  4  0  24 21 
Erik Cole                1  0  1   0  2   5  4  0  5  22 
Jean-Pierre Vigier       0  0  0   0  0   0  3  0  13 25 
Joe Corvo                0  0  0   1  0   1  0  0  0  23 
Jordan Staal             0  0  0   0  0   0  0  0  12 13 
Kevin Bieksa             0  0  0   0  5   2  0  0  0  18 
Ladislav Nagy            0  0  0   0  0   4  0  0  3  19 
Pavol Demitra            0  1  1   1  0   1  0  0  0  8  
Sergei Gonchar           0  0  0   1  2   0  0  0  0  23 
Shawn Bates              0  0  0   0  0   2  2  0  7  23 
Wes Walz                 0  0  0   0  0   1  0  0  10 5  
Sharks
Player Name              G  A  P  +/- PIM S  H  SB FO MP 
-----------------------------------------------------------
Ales Hemsky              1  0  1   0  0   5  0  0  3  18 
Alexander Radulov        0  0  0  -1  0   1  0  1  0  11 
Anton Volchenkov         0  0  0   0  0   1  1  0  0  24 
Brian Rafalski           0  0  0  -1  2   1  1  1  0  20 
Chris Higgins            0  0  0   0  2   1  0  0  1  12 
Dustin Brown             0  0  0   0  4   0  2  0  0  11 
Ilya Kovalchuk           0  0  0  -1  0   6  2  0  1  17 
Jason Pominville         0  0  0   0  0   1  1  0  1  23 
Jeff Schultz             0  0  0  -1  0   0  0  1  2  16 
Maxime Talbot            0  0  0   0  0   0  1  1  12 12 
Mike Knuble              0  1  1   0  2   2  0  0  2  18 
Mike Komisarek           0  1  1   0  7   0  0  0  0  22 
Peter Forsberg           0  0  0   0  0   0  0  1  1  3  
Ryan Whitney             0  0  0  -1  2   2  1  3  0  19 
Steve Begin              0  0  0   0  2   1  2  0  12 23 
Tomas Plekanec           0  0  0   0  0   0  0  1  23 15 
Vincent Lecavalier       0  0  0   0  0   2  0  0  25 20 
Willie Mitchell          0  0  0   0  0   0  1  4  0  20 

3 Stars

1 - Cristobal Huet (CAR)
2 - Erik Cole (CAR)
3 - Brendan Morrison (CAR)

Power Play

Hurricanes - 1 on 8 Attempt(s) - 12.50%
Sharks - 1 on 4 Attempt(s) - 25.00%

Penalty Kill

Hurricanes - 3 on 4 Attempt(s) - 75.00% - Score 0 goal in Penalty Kill
Sharks - 7 on 8 Attempt(s) - 87.50% - Score 0 goal in Penalty Kill

Game Notes

Mike Komisarek beats up Kevin Bieksa at 18:31 of 3rd period

Finance

Level 1 -- Attendance: 2649 (48.16%) -- Ticket Income $331,125.00
Level 2 -- Attendance: 2533 (56.29%) -- Ticket Income $177,310.00
Level 3 -- Attendance: 1094 (54.70%) -- Ticket Income $45,948.00
Level 4 -- Attendance: 1943 (43.34%) -- Ticket Income $58,290.00
Luxury Box -- Attendance: 523 (52.30%) -- Ticket Income $130,750.00
Game was played at the HP Pavilion
Total Attendance: 8742 (50.00%)
Total Ticket Income: $802,515.00
Other Income: $159,457.50
Total Income: $961,973.00


Play by Play

Period #1

0:01 of 1st period - Vincent Lecavalier wins face-off versus Eric Staal in neutral zone.
0:26 of 1st period - Shot by Ladislav Nagy.
0:26 of 1st period - Shot Blocked by Ryan Whitney.
0:28 of 1st period - Shot by Shawn Bates.
0:28 of 1st period - Stopped by Roberto Luongo without a rebound.
0:29 of 1st period - Ales Hemsky wins face-off versus Jean-Pierre Vigier in Sharks zone.
0:39 of 1st period - Shot by Mike Knuble.
0:39 of 1st period - Shot Misses the Net.
1:05 of 1st period - Shot by Ales Hemsky.
1:05 of 1st period - Shot Misses the Net.
1:27 of 1st period - Minor Penalty to Eric Staal for High sticking.
1:28 of 1st period - Ladislav Nagy wins face-off versus Vincent Lecavalier in Sharks zone.
1:43 of 1st period - Shot by Ryan Whitney.
1:43 of 1st period - Shot Misses the Net.
1:45 of 1st period - Shot by Ryan Whitney.
1:45 of 1st period - Stopped by Cristobal Huet without a rebound.
1:46 of 1st period - Vincent Lecavalier wins face-off versus Jean-Pierre Vigier in Hurricanes zone.
2:08 of 1st period - Off-side.
2:09 of 1st period - Steve Begin wins face-off versus Jean-Pierre Vigier in neutral zone.
2:12 of 1st period - Joe Corvo is hit by Steve Begin and loses puck.
2:16 of 1st period - Minor Penalty to Steve Begin for Holding.
2:17 of 1st period - Shawn Bates wins face-off versus Vincent Lecavalier in Hurricanes zone.
3:07 of 1st period - Icing by Ryan Whitney.
3:08 of 1st period - Jean-Pierre Vigier wins face-off versus Mike Knuble in Sharks zone.
4:26 of 1st period - Minor Penalty to Ryan Whitney for Slashing.
4:27 of 1st period - Tomas Plekanec wins face-off versus Shawn Bates in Sharks zone.
4:43 of 1st period - Icing by Chris Gratton.
4:44 of 1st period - Maxime Talbot wins face-off versus Shawn Bates in Hurricanes zone.
5:12 of 1st period - Off-side.
5:13 of 1st period - Tomas Plekanec wins face-off versus Eric Staal in neutral zone.
6:04 of 1st period - Shot by Brent Sopel.
6:04 of 1st period - Stopped by Roberto Luongo without a rebound.
6:05 of 1st period - Maxime Talbot wins face-off versus Shawn Bates in Sharks zone.
6:05 of 1st period - Maxime Talbot is hit by Erik Cole.
6:35 of 1st period - Icing by Ilya Kovalchuk.
6:36 of 1st period - Wes Walz wins face-off versus Vincent Lecavalier in Sharks zone.
7:59 of 1st period - Icing by Aaron Miller.
8:00 of 1st period - Jordan Staal wins face-off versus Chris Higgins in Hurricanes zone.
8:07 of 1st period - Minor Penalty to Dustin Brown for Charging.
8:08 of 1st period - Maxime Talbot wins face-off versus Jean-Pierre Vigier in Hurricanes zone.
8:39 of 1st period - Shot by Erik Cole.
8:39 of 1st period - Shot Misses the Net.
8:41 of 1st period - Shot by Erik Cole.
8:41 of 1st period - Stopped by Roberto Luongo without a rebound.
8:42 of 1st period - Eric Staal wins face-off versus Tomas Plekanec in Sharks zone.
9:02 of 1st period - Shot by Ladislav Nagy.
9:02 of 1st period - Shot Misses the Net.
9:04 of 1st period - Shot by Ladislav Nagy.
9:04 of 1st period - Stopped by Roberto Luongo without a rebound.
9:05 of 1st period - Eric Staal wins face-off versus Maxime Talbot in Sharks zone.
9:20 of 1st period - Shot by Eric Staal.
9:20 of 1st period - Shot Misses the Net.
9:24 of 1st period - Shot by Eric Staal.
9:24 of 1st period - Deflect By Chris Gratton.
9:24 of 1st period - Stopped by Roberto Luongo without a rebound.
9:25 of 1st period - Tomas Plekanec wins face-off versus Eric Staal in Sharks zone.
9:31 of 1st period - Icing by Joe Corvo.
9:32 of 1st period - Maxime Talbot wins face-off versus Eric Staal in Hurricanes zone.
10:10 of 1st period - Shot by Kevin Bieksa.
10:10 of 1st period - Stopped by Roberto Luongo without a rebound.
10:11 of 1st period - Jordan Staal wins face-off versus Vincent Lecavalier in Sharks zone.
10:50 of 1st period - Shot by Cory Stillman.
10:50 of 1st period - Stopped by Roberto Luongo without a rebound.
10:51 of 1st period - Tomas Plekanec wins face-off versus Ladislav Nagy in Sharks zone.
10:56 of 1st period - Shot by Tomas Plekanec.
10:56 of 1st period - Shot Hit the Post.
10:58 of 1st period - Shot by Tomas Plekanec.
10:58 of 1st period - Shot Misses the Net.
11:00 of 1st period - Shot by Chris Higgins.
11:00 of 1st period - Stopped by Cristobal Huet without a rebound.
11:01 of 1st period - Steve Begin wins face-off versus Jean-Pierre Vigier in Hurricanes zone.
11:04 of 1st period - Shot by Ales Hemsky.
11:04 of 1st period - Stopped by Cristobal Huet without a rebound.
11:05 of 1st period - Steve Begin wins face-off versus Wes Walz in Hurricanes zone.
11:17 of 1st period - Icing by Sergei Gonchar.
11:18 of 1st period - Wes Walz wins face-off versus Tomas Plekanec in Hurricanes zone.
11:23 of 1st period - Willie Mitchell is hit by Eric Belanger and loses puck.
11:52 of 1st period - Jeff Schultz is hit by Chris Gratton.
11:58 of 1st period - Shot by Chris Gratton.
11:58 of 1st period - Stopped by Roberto Luongo without a rebound.
11:59 of 1st period - Steve Begin wins face-off versus Jordan Staal in Sharks zone.
12:31 of 1st period - Shot by Ales Hemsky.
12:31 of 1st period - Stopped by Cristobal Huet without a rebound.
12:32 of 1st period - Eric Staal wins face-off versus Vincent Lecavalier in Hurricanes zone.
13:16 of 1st period - Shot by Eric Staal.
13:16 of 1st period - Stopped by Roberto Luongo with a rebound.
13:30 of 1st period - Sergei Gonchar is hit by Brian Rafalski and loses puck.
13:43 of 1st period - Shot by Wes Walz.
13:43 of 1st period - Stopped by Roberto Luongo without a rebound.
13:44 of 1st period - Jordan Staal wins face-off versus Steve Begin in Sharks zone.
14:11 of 1st period - Shot by Jordan Staal.
14:11 of 1st period - Shot Misses the Net.
15:12 of 1st period - Minor Penalty to Sergei Gonchar for Tripping.
15:13 of 1st period - Shawn Bates wins face-off versus Vincent Lecavalier in Hurricanes zone.
15:30 of 1st period - Shot by Ilya Kovalchuk.
15:30 of 1st period - Stopped by Cristobal Huet with a rebound.
15:34 of 1st period - Shot by Jason Pominville.
15:34 of 1st period - Stopped by Cristobal Huet without a rebound.
15:35 of 1st period - Ales Hemsky wins face-off versus Eric Staal in Hurricanes zone.
15:42 of 1st period - Shot by Ales Hemsky.
15:42 of 1st period - Stopped by Cristobal Huet with a rebound.
15:44 of 1st period - Shot by Ales Hemsky.
15:44 of 1st period - Deflect By Mike Knuble.
15:44 of 1st period - Shot Blocked by Aaron Ward.
15:48 of 1st period - Shot by Ales Hemsky.
15:48 of 1st period - Goal by Ales Hemsky - Hurricanes : 0 - Sharks : 1.
15:49 of 1st period - Tomas Plekanec wins face-off versus Wes Walz in neutral zone.
16:02 of 1st period - Minor Penalty to Dustin Brown for Holding.
16:03 of 1st period - Eric Staal wins face-off versus Tomas Plekanec in neutral zone.
17:14 of 1st period - Shot by Eric Staal.
17:14 of 1st period - Shot Misses the Net.
17:16 of 1st period - Shot by Sergei Gonchar.
17:16 of 1st period - Shot Blocked by Tomas Plekanec.
17:41 of 1st period - Shot by Erik Cole.
17:41 of 1st period - Stopped by Roberto Luongo without a rebound.
17:42 of 1st period - Tomas Plekanec wins face-off versus Brendan Morrison in Sharks zone.
18:02 of 1st period - Sergei Gonchar is hit by Ryan Whitney and loses puck.
18:06 of 1st period - Icing by Ryan Whitney.
18:07 of 1st period - Vincent Lecavalier wins face-off versus Jordan Staal in Sharks zone.
18:07 of 1st period - Vincent Lecavalier is hit by Shawn Bates.
18:35 of 1st period - Shot by Ilya Kovalchuk.
18:35 of 1st period - Stopped by Cristobal Huet without a rebound.
18:36 of 1st period - Wes Walz wins face-off versus Tomas Plekanec in Hurricanes zone.
18:44 of 1st period - Icing by Joe Corvo.
18:45 of 1st period - Wes Walz wins face-off versus Ales Hemsky in Hurricanes zone.
18:55 of 1st period - Off-side.
18:56 of 1st period - Jean-Pierre Vigier wins face-off versus Vincent Lecavalier in neutral zone.
19:00 of 1st period - Minor Penalty to Brian Rafalski for Interference.
19:01 of 1st period - Tomas Plekanec wins face-off versus Erik Cole in Sharks zone.
19:13 of 1st period - Icing by Brent Sopel.
19:14 of 1st period - Tomas Plekanec wins face-off versus Erik Cole in Hurricanes zone.
19:38 of 1st period - Icing by Chris Gratton.
19:39 of 1st period - Maxime Talbot wins face-off versus Jean-Pierre Vigier in Hurricanes zone.

Period #2

0:01 of 2nd period - Eric Staal wins face-off versus Tomas Plekanec in neutral zone.
0:06 of 2nd period - Anton Volchenkov is hit by Eric Staal and loses puck.
0:14 of 2nd period - Ladislav Nagy is hit by Anton Volchenkov and loses puck.
1:34 of 2nd period - Shot by Jordan Staal.
1:34 of 2nd period - Shot Blocked by Brian Rafalski.
1:38 of 2nd period - Shot by Cory Stillman.
1:38 of 2nd period - Shot Blocked by Ryan Whitney.
1:40 of 2nd period - Shot by Shawn Bates.
1:40 of 2nd period - Shot Misses the Net.
1:47 of 2nd period - Minor Penalty to Erik Cole for Tripping.
1:48 of 2nd period - Jean-Pierre Vigier wins face-off versus Vincent Lecavalier in Sharks zone.
2:46 of 2nd period - Shot by Vincent Lecavalier.
2:46 of 2nd period - Shot Blocked by Brent Sopel.
2:50 of 2nd period - Shot by Vincent Lecavalier.
2:50 of 2nd period - Stopped by Cristobal Huet with a rebound.
2:52 of 2nd period - Shot by Jason Pominville.
2:52 of 2nd period - Shot Blocked by Aaron Ward.
2:54 of 2nd period - Shot by Brian Rafalski.
2:54 of 2nd period - Shot Blocked by Brent Sopel.
3:49 of 2nd period - Icing by Jason Pominville.
3:50 of 2nd period - Tomas Plekanec wins face-off versus Cory Stillman in Sharks zone.
4:40 of 2nd period - Icing by Kevin Bieksa.
4:41 of 2nd period - Vincent Lecavalier wins face-off versus Jordan Staal in Hurricanes zone.
4:52 of 2nd period - Jason Pominville is hit by Erik Cole and loses puck.
5:41 of 2nd period - Shot by Mike Knuble.
5:41 of 2nd period - Shot Misses the Net.
5:43 of 2nd period - Shot by Steve Begin.
5:43 of 2nd period - Stopped by Cristobal Huet without a rebound.
5:44 of 2nd period - Jean-Pierre Vigier wins face-off versus Steve Begin in Hurricanes zone.
6:07 of 2nd period - Shot by Mike Knuble.
6:07 of 2nd period - Stopped by Cristobal Huet without a rebound.
6:08 of 2nd period - Tomas Plekanec wins face-off versus Jordan Staal in Hurricanes zone.
6:10 of 2nd period - Dustin Brown is hit by Aaron Miller and loses puck.
6:11 of 2nd period - Minor Penalty to Aaron Miller for High sticking.
6:12 of 2nd period - Eric Staal wins face-off versus Vincent Lecavalier in Hurricanes zone.
6:12 of 2nd period - Brent Sopel is hit by Jason Pominville and loses puck.
6:27 of 2nd period - Shot by Ilya Kovalchuk.
6:27 of 2nd period - Stopped by Cristobal Huet without a rebound.
6:28 of 2nd period - Steve Begin wins face-off versus Eric Staal in Hurricanes zone.
8:05 of 2nd period - Shot by Ryan Whitney.
8:05 of 2nd period - Stopped by Cristobal Huet with a rebound.
8:07 of 2nd period - Shot by Ryan Whitney.
8:07 of 2nd period - Shot Misses the Net.
8:39 of 2nd period - Shot by Ladislav Nagy.
8:39 of 2nd period - Deflect By Jordan Staal.
8:39 of 2nd period - Shot Blocked by Willie Mitchell.
8:41 of 2nd period - Shot by Jordan Staal.
8:41 of 2nd period - Shot Misses the Net.
8:43 of 2nd period - Shot by Ladislav Nagy.
8:43 of 2nd period - Stopped by Roberto Luongo without a rebound.
8:44 of 2nd period - Wes Walz wins face-off versus Vincent Lecavalier in Sharks zone.
8:53 of 2nd period - Shot by Ilya Kovalchuk.
8:53 of 2nd period - Stopped by Cristobal Huet without a rebound.
8:54 of 2nd period - Vincent Lecavalier wins face-off versus Wes Walz in Hurricanes zone.
8:57 of 2nd period - Shot by Jason Pominville.
8:57 of 2nd period - Shot Misses the Net.
8:59 of 2nd period - Shot by Ilya Kovalchuk.
8:59 of 2nd period - Stopped by Cristobal Huet without a rebound.
9:00 of 2nd period - Vincent Lecavalier wins face-off versus Jean-Pierre Vigier in Hurricanes zone.
9:12 of 2nd period - Ilya Kovalchuk is hit by Aaron Ward and loses puck.
10:06 of 2nd period - Icing by Sergei Gonchar.
10:07 of 2nd period - Eric Staal wins face-off versus Tomas Plekanec in Hurricanes zone.
10:09 of 2nd period - Icing by Sergei Gonchar.
10:10 of 2nd period - Eric Staal wins face-off versus Tomas Plekanec in Hurricanes zone.
10:10 of 2nd period - Eric Staal is hit by Dustin Brown.
10:32 of 2nd period - Jordan Staal is hit by Dustin Brown and loses puck.
10:38 of 2nd period - Aaron Miller is hit by Willie Mitchell and loses puck.
11:13 of 2nd period - Shot by Ales Hemsky.
11:13 of 2nd period - Stopped by Cristobal Huet without a rebound.
11:14 of 2nd period - Maxime Talbot wins face-off versus Shawn Bates in Hurricanes zone.
11:35 of 2nd period - Shot by Aaron Ward.
11:35 of 2nd period - Shot Blocked by Ryan Whitney.
11:58 of 2nd period - Ales Hemsky is hit by Aaron Ward and loses puck.
12:21 of 2nd period - Shot by Ales Hemsky.
12:21 of 2nd period - Shot Misses the Net.
12:23 of 2nd period - Shot by Anton Volchenkov.
12:23 of 2nd period - Shot Misses the Net.
12:31 of 2nd period - Shot by Vincent Lecavalier.
12:31 of 2nd period - Shot Misses the Net.
12:42 of 2nd period - Jeff Schultz is hit by Aaron Ward and loses puck.
14:58 of 2nd period - Minor Penalty to Mike Komisarek for Interference.
14:59 of 2nd period - Maxime Talbot wins face-off versus Eric Staal in Sharks zone.
14:59 of 2nd period - Maxime Talbot is hit by Jean-Pierre Vigier.
15:36 of 2nd period - Off-side.
15:37 of 2nd period - Brendan Morrison wins face-off versus Tomas Plekanec in neutral zone.
15:39 of 2nd period - Off-side.
15:40 of 2nd period - Maxime Talbot wins face-off versus Brendan Morrison in neutral zone.
15:43 of 2nd period - Cory Stillman is hit by Maxime Talbot.
15:56 of 2nd period - Shot by Brendan Morrison.
15:56 of 2nd period - Shot Blocked by Willie Mitchell.
16:00 of 2nd period - Shot by Brendan Morrison.
16:00 of 2nd period - Shot Blocked by Maxime Talbot.
16:04 of 2nd period - Shot by Kevin Bieksa.
16:04 of 2nd period - Shot Blocked by Willie Mitchell.
16:08 of 2nd period - Shot by Brendan Morrison.
16:08 of 2nd period - Shot Blocked by Willie Mitchell.
16:10 of 2nd period - Shot by Brendan Morrison.
16:10 of 2nd period - Stopped by Roberto Luongo with a rebound.
16:12 of 2nd period - Shot by Kevin Bieksa.
16:12 of 2nd period - Stopped by Roberto Luongo with a rebound.
16:20 of 2nd period - Shot by Pavol Demitra.
16:20 of 2nd period - Shot Blocked by Jeff Schultz.
17:26 of 2nd period - Shot by Ilya Kovalchuk.
17:26 of 2nd period - Stopped by Cristobal Huet without a rebound.
17:27 of 2nd period - Eric Staal wins face-off versus Peter Forsberg in Hurricanes zone.
17:42 of 2nd period - Shot by Eric Staal.
17:42 of 2nd period - Shot Misses the Net.
17:46 of 2nd period - Shot by Erik Cole.
17:46 of 2nd period - Stopped by Roberto Luongo with a rebound.
17:50 of 2nd period - Shot by Eric Staal.
17:50 of 2nd period - Stopped by Roberto Luongo without a rebound.
17:51 of 2nd period - Tomas Plekanec wins face-off versus Jordan Staal in Sharks zone.
17:56 of 2nd period - Shot by Chris Higgins.
17:56 of 2nd period - Shot Misses the Net.
18:28 of 2nd period - Off-side.
18:29 of 2nd period - Vincent Lecavalier wins face-off versus Wes Walz in neutral zone.
19:25 of 2nd period - Eric Staal is hit by Steve Begin and loses puck.
19:36 of 2nd period - Shot by Mike Knuble.
19:36 of 2nd period - Stopped by Cristobal Huet with a rebound.
19:38 of 2nd period - Shot by Anton Volchenkov.
19:38 of 2nd period - Stopped by Cristobal Huet with a rebound.
19:51 of 2nd period - Icing by Aaron Ward.
19:52 of 2nd period - Eric Staal wins face-off versus Tomas Plekanec in Hurricanes zone.
19:54 of 2nd period - Minor Penalty to Chris Higgins for Delaying the game.
19:55 of 2nd period - Maxime Talbot wins face-off versus Ladislav Nagy in Hurricanes zone.

Period #3

0:01 of 3rd period - Eric Staal wins face-off versus Tomas Plekanec in neutral zone.
0:25 of 3rd period - Shot by Joe Corvo.
0:25 of 3rd period - Shot Misses the Net.
0:27 of 3rd period - Shot by Ladislav Nagy.
0:27 of 3rd period - Stopped by Roberto Luongo with a rebound.
0:31 of 3rd period - Shot by Sergei Gonchar.
0:31 of 3rd period - Shot Misses the Net.
0:33 of 3rd period - Shot by Joe Corvo.
0:33 of 3rd period - Stopped by Roberto Luongo without a rebound.
0:34 of 3rd period - Maxime Talbot wins face-off versus Jean-Pierre Vigier in Sharks zone.
0:34 of 3rd period - Steve Begin is hit by Erik Cole.
1:50 of 3rd period - Tomas Plekanec is hit by Shawn Bates and loses puck.
1:59 of 3rd period - Shot by Mike Knuble.
1:59 of 3rd period - Shot Misses the Net.
2:50 of 3rd period - Mike Komisarek is hit by Eric Staal and loses puck.
2:57 of 3rd period - Ales Hemsky is hit by Eric Staal.
3:24 of 3rd period - Icing by Vincent Lecavalier.
3:25 of 3rd period - Vincent Lecavalier wins face-off versus Erik Cole in Sharks zone.
3:58 of 3rd period - Shot by Erik Cole.
3:58 of 3rd period - Stopped by Roberto Luongo without a rebound.
3:59 of 3rd period - Eric Belanger wins face-off versus Vincent Lecavalier in Sharks zone.
4:18 of 3rd period - Shot by Vincent Lecavalier.
4:18 of 3rd period - Shot Misses the Net.
4:39 of 3rd period - Icing by Brian Rafalski.
4:40 of 3rd period - Vincent Lecavalier wins face-off versus Erik Cole in Sharks zone.
4:49 of 3rd period - Aaron Ward is hit by Ilya Kovalchuk and loses puck.
5:04 of 3rd period - Mike Knuble is hit by Jean-Pierre Vigier and loses puck.
5:30 of 3rd period - Minor Penalty to Mike Knuble for Tripping.
5:31 of 3rd period - Brendan Morrison wins face-off versus Maxime Talbot in Hurricanes zone.
6:16 of 3rd period - Shot by Brendan Morrison.
6:16 of 3rd period - Shot Misses the Net.
6:18 of 3rd period - Shot by Aaron Ward.
6:18 of 3rd period - Shot Misses the Net.
6:20 of 3rd period - Shot by Aaron Ward.
6:20 of 3rd period - Shot Blocked by Alexander Radulov.
6:22 of 3rd period - Shot by Eric Belanger.
6:22 of 3rd period - Shot Misses the Net.
6:24 of 3rd period - Shot by Aaron Ward.
6:24 of 3rd period - Stopped by Roberto Luongo without a rebound.
6:25 of 3rd period - Eric Staal wins face-off versus Tomas Plekanec in Sharks zone.
6:26 of 3rd period - Shot by Erik Cole.
6:26 of 3rd period - Goal by Erik Cole - Hurricanes : 1 - Sharks : 1.
6:27 of 3rd period - Vincent Lecavalier wins face-off versus Eric Staal in neutral zone.
6:27 of 3rd period - Vincent Lecavalier is hit by Eric Staal.
8:25 of 3rd period - Icing by Mike Knuble.
8:26 of 3rd period - Eric Staal wins face-off versus Mike Knuble in Sharks zone.
9:08 of 3rd period - Shot by Pavol Demitra.
9:08 of 3rd period - Stopped by Roberto Luongo without a rebound.
9:09 of 3rd period - Jean-Pierre Vigier wins face-off versus Steve Begin in Sharks zone.
9:32 of 3rd period - Shot by Vincent Lecavalier.
9:32 of 3rd period - Stopped by Cristobal Huet without a rebound.
9:33 of 3rd period - Eric Staal wins face-off versus Steve Begin in Hurricanes zone.
9:47 of 3rd period - Shot by Brian Rafalski.
9:47 of 3rd period - Stopped by Cristobal Huet without a rebound.
9:48 of 3rd period - Steve Begin wins face-off versus Erik Cole in Hurricanes zone.
9:51 of 3rd period - Shot by Dustin Brown.
9:51 of 3rd period - Shot Misses the Net.
10:49 of 3rd period - Shot by Pavol Demitra.
10:49 of 3rd period - Shot Misses the Net.
11:13 of 3rd period - Shot by Erik Cole.
11:13 of 3rd period - Shot Misses the Net.
11:15 of 3rd period - Shot by Brendan Morrison.
11:15 of 3rd period - Shot Misses the Net.
11:29 of 3rd period - Shot by Cory Stillman.
11:29 of 3rd period - Shot Misses the Net.
12:18 of 3rd period - Shot by Ladislav Nagy.
12:18 of 3rd period - Stopped by Roberto Luongo without a rebound.
12:19 of 3rd period - Shawn Bates wins face-off versus Vincent Lecavalier in Sharks zone.
12:34 of 3rd period - Shot by Ladislav Nagy.
12:34 of 3rd period - Shot Misses the Net.
13:10 of 3rd period - Shot by Alexander Radulov.
13:10 of 3rd period - Stopped by Cristobal Huet without a rebound.
13:11 of 3rd period - Brendan Morrison wins face-off versus Jeff Schultz in Hurricanes zone.
13:11 of 3rd period - Brendan Morrison is hit by Ilya Kovalchuk.
13:30 of 3rd period - Shot by Cory Stillman.
13:30 of 3rd period - Shot Misses the Net.
13:32 of 3rd period - Shot by Pavol Demitra.
13:32 of 3rd period - Deflect By Brendan Morrison.
13:32 of 3rd period - Goal by Brendan Morrison - Hurricanes : 2 - Sharks : 1.
13:33 of 3rd period - Jordan Staal wins face-off versus Vincent Lecavalier in neutral zone.
13:41 of 3rd period - Vincent Lecavalier is hit by Cory Stillman and loses puck.
13:52 of 3rd period - Ales Hemsky is hit by Cory Stillman and loses puck.
14:16 of 3rd period - Icing by Maxime Talbot.
14:17 of 3rd period - Jeff Schultz wins face-off versus Eric Staal in Sharks zone.
15:26 of 3rd period - Shot by Shawn Bates.
15:26 of 3rd period - Shot Blocked by Peter Forsberg.
15:28 of 3rd period - Shot by Shawn Bates.
15:28 of 3rd period - Stopped by Roberto Luongo without a rebound.
15:29 of 3rd period - Ilya Kovalchuk wins face-off versus Jordan Staal in Sharks zone.
15:29 of 3rd period - Ilya Kovalchuk is hit by Jean-Pierre Vigier.
15:37 of 3rd period - Icing by Aaron Miller.
15:38 of 3rd period - Jordan Staal wins face-off versus Vincent Lecavalier in Hurricanes zone.
15:40 of 3rd period - Icing by Aaron Miller.
15:41 of 3rd period - Jordan Staal wins face-off versus Vincent Lecavalier in Hurricanes zone.
16:31 of 3rd period - Icing by Tomas Plekanec.
16:32 of 3rd period - Eric Staal wins face-off versus Tomas Plekanec in Sharks zone.
17:07 of 3rd period - Shot by Shawn Bates.
17:07 of 3rd period - Shot Misses the Net.
17:33 of 3rd period - Vincent Lecavalier is hit by Erik Cole.
17:38 of 3rd period - Icing by Vincent Lecavalier.
17:39 of 3rd period - Brendan Morrison wins face-off versus Jason Pominville in Sharks zone.
17:48 of 3rd period - Shot by Chris Gratton.
17:48 of 3rd period - Stopped by Roberto Luongo with a rebound.
17:50 of 3rd period - Shot by Brendan Morrison.
17:50 of 3rd period - Stopped by Roberto Luongo with a rebound.
18:31 of 3rd period - Mike Komisarek beats up Kevin Bieksa.
18:31 of 3rd period - Penalty to Mike Komisarek for Fighting.
18:31 of 3rd period - Penalty to Kevin Bieksa for Fighting.
18:32 of 3rd period - Wes Walz wins face-off versus Steve Begin in neutral zone.
19:01 of 3rd period - Sharks, Roberto Luongo is pulled from the net.
19:16 of 3rd period - Icing by Anton Volchenkov.
19:17 of 3rd period - Steve Begin wins face-off versus Cory Stillman in Sharks zone.
19:22 of 3rd period - Mike Knuble is hit by Cory Stillman and loses puck.


Output by the SimonT Hockey Simulator (STHS) for Stephane Roy -- Original Page W3C XHTML 1.0 Valid